AoeStats
← Arr0gant

Enclosed

506560548Analyzed
1v1 RM · 19d ago on Sep 14, 2026· 49m 16s· 2 players
Game mode
Random Map
Map size
Tiny (2 player)
Population
200
Speed
Normal
Resources
Standard
Victory
Conquest
Starting age
Dark Age
Ending age
Imperial Age
RankedLock teamsTeams togetherTeam positionsShared explorationLock speedFull tech treeHidden civsTurbo modeCheats
Victory
Defeat
🇨🇳 Malians · China
1028
+15
🇧🇷 Ethiopians · Brazil
1005
-15
Fellipe
7:20 Loom
10:28 Feudal Age
11:07 Double-Bit Axe
13:23 Gold Mining
18:43 Horse Collar
20:29 Fletching
21:25 Padded Archer Armor
26:41 Castle Age
25:23 Stone Mining
27:01 Crossbowman
27:38 Bodkin Arrow
28:06 Bow Saw
27:59 Heavy Plow
28:20 Thumb Ring
30:05 Gold Shaft Mining
30:41 Stone Shaft Mining
30:56 Leather Archer Armor
30:34 Elite Skirmisher
32:41 Ballistics
34:34 Murder Holes
36:56 Wheelbarrow
37:00 Squires
37:40 Forging
37:31 Scale Mail Armor
40:37 Imperial Age
40:58 Hand Cart
41:18 Bracer
42:21 Chemistry
42:24 Ring Archer Armor
Arr0gant
8:15 Loom
11:09 Feudal Age
11:40 Man-at-Arms
17:16 Castle Age
16:45 Fletching
17:01 Double-Bit Axe
17:28 Forging
17:12 Gold Mining
17:03 Horse Collar
17:21 Elite Skirmisher
21:52 Bow Saw
26:47 Wheelbarrow
27:11 Stone Mining
27:50 Bodkin Arrow
29:31 Bloodlines
29:56 Thumb Ring
30:23 Scale Mail Armor
33:04 Imperial Age
30:28 Town Watch
31:57 Ballistics
32:15 Chain Mail Armor
34:04 Padded Archer Armor
35:09 Chemistry
34:20 Padded Archer Armor
35:14 Hand Cart
36:27 Leather Archer Armor
37:02 Conscription
38:36 Heavy Plow
39:43 Plate Mail Armor
39:26 Forging
40:41 Ring Archer Armor
40:36 Thumb Ring
41:36 Masonry
42:06 Iron Casting
41:38 Tigui
42:32 Elite Gbeto
46:10 Hoardings
Connection lost

Rejoining the realm…

Still unreachable

The connection could not be restored.

Session expired

The server has moved on; the page needs a fresh start.